 Dungeon Crawl Stone Soup version 0.22-a0-587-g7d32d7c (webtiles) character file.

66 sking99 the Ruffian (level 3, 0/28 HPs)
             Began as a Draconian Transmuter on July 4, 2018.
             Succumbed to an adder's poison
             ... on level 2 of the Dungeon.
             The game lasted 00:03:03 (1978 turns).

sking99 the Ruffian (Draconian Transmuter)          Turns: 1978, Time: 00:03:04

Health: 0/28       AC:  5    Str: 12    XL:     3   Next: 96%
Magic:  6/6        EV: 12    Int: 14    God:
Gold:   125        SH:  0    Dex: 11    Spells: 3/6 levels left

rFire    . . .     SeeInvis .     - Unarmed
rCold    . . .     Gourm    .   (no shield)
rNeg     . . .     Faith    .   (armour unavailable)
rPois    .         Spirit   .   (helmet restricted)
rElec    +         Reflect  .   (no cloak)
rCorr    .         Harm     .   (no gloves)
MR       .....                  (no boots)
Stlth    +.........             (no amulet)
HPRegen  0.09/turn              (no ring)
MPRegen  0.10/turn              (no ring)

@: lethally poisoned (0 -> -14)
A: unfitting armour, sense surroundings 1, electricity resistance, evolution 1,
cold-blooded, MP-powered wands, AC +5
a: no special abilities


You were on level 2 of the Dungeon.
You were not hungry.

You visited 1 branch of the dungeon, and saw 2 of its levels.

You collected 125 gold pieces.

Inventory:

Missiles
 a - 30 arrows
Scrolls
 b - a scroll of identify
 d - a scroll of fog {unknown}
 e - 2 scrolls of amnesia
 g - 2 scrolls of teleportation {unknown}
 i - a scroll of immolation {unknown}
 j - a scroll of remove curse {unknown}
Potions
 h - a potion of mutation
Comestibles
 c - 4 rations


   Skills:
 - Level 1.1 Fighting
 - Level 1.7 Dodging
 + Level 4.9 Unarmed Combat
 - Level 2.0 Spellcasting
 - Level 2.0 Transmutations


You had 3 spell levels left.
You knew the following spells:

 Your Spells              Type           Power        Failure   Level  Hunger
a - Beastly Appendage     Tmut           #.....       11%         1    ##.....
b - Sticks to Snakes      Tmut           #.......     16%         2    ###....

Your spell library contained the following spells:

 Spells                   Type           Power        Failure   Level  Hunger
 Spider Form              Tmut/Pois      #.........   43%         3    ####...
 Blade Hands              Tmut           #.........   96%         5    ######.
 Ice Form                 Ice/Tmut       #.......     83%         4    #####..


Dungeon Overview and Level Annotations

Branches:
Dungeon (2/15)

Altars:


Innate Abilities, Weirdness & Mutations

Your plain brown scales are hard. (AC +5)
You cannot fit into any form of body armour.
You are cold-blooded and may be slowed by cold attacks.
You passively map a small area around you.
You are resistant to electric shocks. (rElec)
You evolve.
You expend magic power (3 MP) to strengthen your wands.


Message History

You feel your magical essence link to your wands.
You feel nature experimenting on you.
Don't worry, failures die fast.
You feel insulated.
You feel sick. The adder bites you.
* * * LOW HITPOINT WARNING * * *
You punch the adder!
You kill the adder!
* * * LOW HITPOINT WARNING * * *
You feel sick.
* * * LOW HITPOINT WARNING * * *
You feel sick.
You see here an adder corpse.
* * * LOW HITPOINT WARNING * * *
You feel sick.
As you read the scroll labeled GONUJIADOIC, it crumbles to dust.
It is a scroll of identify.
e - 2 scrolls of amnesia
* * * LOW HITPOINT WARNING * * *
You feel sick.
You die...

###..#
#..>.#
#.##.#
#.##.#
#.##.#
#.##.#
#†##.#
#.##.#
#@##.#
* *
#.# ,
,..# *
####
*,, ,,
, * *
,, ,


There were no monsters in sight!

Vanquished Creatures
  2 adders (D:2)
  A worm (D:2)
  A leopard gecko (D:2)
  3 giant cockroaches (D:2)
  4 goblins
  2 hobgoblins (D:1)
  2 quokkas (D:2)
  3 bats
  2 frilled lizards (D:2)
  5 kobolds
  2 rats (D:1)
27 creatures vanquished.

Vanquished Creatures (collateral kills)
  2 adders (D:2)
  A rat (D:2)
3 creatures vanquished.

Grand Total: 30 creatures vanquished

Notes
Turn   | Place    | Note
-------+----------+-------------------------------------------
     0 | D:1      | sking99 the Draconian Transmuter began the quest for the Orb.
     0 | D:1      | Reached XP level 1. HP: 16/16 MP: 3/3
   599 | D:1      | Reached XP level 2. HP: 19/23 MP: 5/5
  1210 | D:2      | Learned a level 2 spell: Sticks to Snakes
  1277 | D:2      | Reached skill level 4 in Unarmed Combat
  1422 | D:2      | Reached XP level 3. HP: 26/28 MP: 3/6
  1973 | D:2      | Gained mutation: You passively map a small area around you. [potion of mutation]
  1973 | D:2      | Gained mutation: You expend magic power (3 MP) to strengthen your wands. [potion of mutation]
  1973 | D:2      | Gained mutation: You evolve. [potion of mutation]
  1973 | D:2      | Gained mutation: You are resistant to electric shocks. (rElec) [potion of mutation]
  1977 | D:2      | HP: 1/28 [poisoned by an adder]
  1978 | D:2      | Succumbed to an adder's poison

Vault maps used:
D:1:      eino_arrival_water_star

Skill      XL: |  1  2 |
---------------+-------+-----
Unarmed Combat | 4 |  4.9
Fighting       | |  1.1
Dodging        | |  1.7
Spellcasting   | |  2.0
Transmutations | |  2.0

Action                   || total
-------------------------++-------
Melee: Unarmed           ||   109
       Tailslap          ||    16
       Punch             ||     3
 Cast: Beastly Appendage ||     2
       Sticks to Snakes  ||     1
  Use: Scroll            ||     1
       Potion            ||     1
  Eat: Chunk             ||     3
Armor: Skin              ||    29
Dodge: Dodged            ||    49

Table legend:
 A = Spawn XP
 B = Non-spawn XP
 C = Spawn XP percentage of total XP
 D = Spawn monster count
 E = Non-spawn monster count
 F = Spawn count percentage of total count
 G = Total turns spent on level
                    A         B        C        D         E        F      G
               +---------+---------+-------+---------+---------+-------+---------
         Total |       0 |      95 |   0.0 |       0 |      30 |   0.0 |  1978
               +---------+---------+-------+---------+---------+-------+---------
           D:1 |       0 |      14 |   0.0 |       0 |       9 |   0.0 |   958
           D:2 |       0 |      81 |   0.0 |       0 |      21 |   0.0 |  1020
               +---------+---------+-------+---------+---------+-------+---------
